[Event "Icelandic Team-ch Kvika Leagu 2023-24"]
[Site "Reykjavik"]
[Date "2024.02.29"]
[Round "1.1"]
[White "Pultinevicius, Paulius"]
[Black "Donchenko, Alexander"]
[Result "1-0"]
[ECO "D38"]
[WhiteElo "2575"]
[BlackElo "2643"]
[Annotator "TA"]
[PlyCount "83"]
[EventDate "2024.02.29"]
[EventType "team-tourn"]
[EventCountry "ISL"]
[SourceTitle "playchess.com"]
[Source "ChessBase"]
[SourceQuality "1"]
[TimeControl "40/5400+30:900+30"]

1. d4 Nf6 2. c4 e6 3. Nf3 d5 4. Nc3 Bb4 5. cxd5 exd5 6. Bf4 {[%emt 0:00:05] D38: Queen's Gambit Declined: Ragozin Defence (4 Nf3 Bb4).} O-O 7. e3 c5 8. Bd3 Bg4 9. a3 Bxc3+ 10. bxc3 Nh5 $146 ({Predecessor:} 10... Qa5 11. O-O c4 12. Bc2 Ne4 13. Qb1 Bxf3 14. gxf3 Nxc3 15. Qxb7 Na6 16. Rfe1 Qb5 17. Qxb5 Nxb5 18. Ba4 Nac7 19. Bxb5 Nxb5 20. a4 {1-0 Zelbel,P (2429)-Haug,J (2391) EU-Cup 34th Porto Carras 2018 (2.4)}) 11. Be5 Nc6 12. h3 Bxf3 13. Qxf3 g6 14. O-O c4 15. Be2 Qa5 16. Rab1 Nxe5 17. dxe5 Rae8 18. Rxb7 Rxe5 19. g4 Ng7 20. Qf6 Qxc3 21. Re7 Ne6 22. a4 a5 ({Black should play} 22... Qb2 $11) 23. Rd7 $1 $14 Ng5 $1 24. Rxd5 Rxe3 (24... Nxh3+ $2 25. Kg2 Rfe8 26. Rxe5 (26. Kxh3 $2 Rh5+ 27. gxh5 Qxf6 $19) 26... Qxe5 27. Qxe5 Rxe5 28. Kxh3 $18) 25. fxe3 Qxe3+ 26. Rf2 $1 Nxh3+ 27. Kg2 Nxf2 28. Qxf2 Qb3 29. Bd1 Qb7 30. Qf3 c3 (30... Qb4 $16) 31. Rc5 $1 $18 (31. Rxa5 c2 32. Bxc2 (32. Qxb7 $2 cxd1=Q 33. Ra8 Qxg4+ 34. Kf2 Qd4+ 35. Kf1 Qf6+ 36. Ke2 Qe5+ 37. Kf2 Qc5+ 38. Kf3 Qc3+ 39. Ke2 Kg7 $17) 32... Qc7 $11) 31... Qd7 32. Rxc3 Rb8 33. Rd3 Rb2+ 34. Kh3 Qc7 {[%emt 0:00:39] [#]} 35. Qg3 $1 Qc5 (35... Qe7 {was called for.} 36. Bb3 Kg7) 36. Qd6 Qc1 37. Qd8+ Kg7 38. Qd4+ (38. Qxa5 $2 Qh6+ 39. Kg3 Qh2+ 40. Kf3 Rf2+ 41. Ke4 Qf4+ 42. Kd5 Qg5+ 43. Kc4 Qxa5 $19) 38... f6 $2 (38... Kg8 $18 39. Re3 Rb8) 39. Re3 $2 (39. Qa7+ {mates} Kh6 40. Qe7 (40. Qxa5 {gets mated.} Qf4 41. g5+ fxg5) 40... Qc8 41. Bf3 (41. Qxf6 Rh2+ 42. Kg3 Rg2+ 43. Kh3 Rh2+ 44. Kg3 Rg2+ 45. Kh3 Rh2+ $11) 41... Qb8 42. Rd6 (42. Qxf6 $2 Qh2#) 42... Qc8 43. Rd5 (43. Qxf6 Rh2+ 44. Kg3 Rh3+ 45. Kf2 Rh2+ 46. Kg3 Rh3+ 47. Kf2 Rh2+ 48. Kg3 $11) (43. Rxf6 Rb7 44. Qxb7 Qxb7 45. Bxb7 Kg5 46. Ra6 h6 47. Kg3 h5 48. gxh5 Kxh5) 43... Rb6 44. Rd7 (44. Rxa5 Re6 $18) (44. Qe3+ Kg7 $18) 44... Qxd7 45. Qxd7) 39... Qd2 $2 {[%emt 0:04:28] [#]} (39... Rb7 $18 40. Bf3 Rf7) 40. Re7+ $1 Kh6 41. g5+ $1 (41. Qxf6 $2 Qh2#) 41... Qxg5 42. Qxb2 1-0

[Event "Icelandic Team-ch Kvika Leagu 2023-24"]
[Site "Reykjavik"]
[Date "2024.02.29"]
[Round "1.2"]
[White "Lomasov, Semyon"]
[Black "Kazakouski, Valery"]
[Result "0-1"]
[ECO "C50"]
[WhiteElo "2565"]
[BlackElo "2593"]
[Annotator "RC"]
[PlyCount "54"]
[EventDate "2024.02.29"]
[EventType "team-tourn"]
[EventCountry "ISL"]
[SourceTitle "playchess.com"]
[Source "ChessBase"]
[SourceQuality "1"]
[TimeControl "40/5400+30:900+30"]

1. e4 e5 2. Nf3 Nc6 3. Bc4 d6 4. Nc3 Na5 5. Bb5+ c6 6. Be2 c5 7. d3 Be7 8. O-O f5 9. Nd5 Nf6 10. Nxe7 Qxe7 11. c3 Nc6 12. exf5 Bxf5 13. d4 O-O 14. dxc5 dxc5 15. Bg5 h6 16. Bh4 Rad8 17. Qb3+ Kh8 18. Rad1 e4 19. Nd2 Na5 20. Qb5 e3 21. fxe3 Bc2 22. Rde1 Qxe3+ 23. Kh1 Rxd2 24. Bh5 Bd3 25. Qxa5 Bxf1 26. Rxe3 Bxg2+ 27. Kg1 Nxh5 0-1

[Event "Icelandic Team-ch Kvika Leagu 2023-24"]
[Site "Reykjavik"]
[Date "2024.03.01"]
[Round "1.3"]
[White "Laurusas, Tomas"]
[Black "Stefansson, Vignir Vatnar"]
[Result "1-0"]
[ECO "D38"]
[WhiteElo "2590"]
[BlackElo "2464"]
[Annotator "RC"]
[PlyCount "99"]
[EventDate "2024.02.29"]
[EventType "team-tourn"]
[EventCountry "ISL"]
[SourceTitle "playchess.com"]
[Source "ChessBase"]
[SourceQuality "1"]
[TimeControl "40/5400+30:900+30"]

1. d4 d5 2. c4 e6 3. Nc3 Nf6 4. cxd5 exd5 5. Bg5 Bb4 6. Qa4+ Nc6 7. e3 h6 8. Bxf6 Qxf6 9. Nf3 O-O 10. Rc1 Qg6 11. Qd1 Ne7 12. h3 c6 13. Bd3 Qf6 14. O-O Bf5 15. Na4 Bd6 16. Nc5 Bxc5 17. Rxc5 Bxd3 18. Qxd3 Nf5 19. Ne5 Rad8 20. Qe2 Nd6 21. Ra5 a6 22. Rc5 Rfe8 23. Qf3 Qe7 24. Rc2 g6 25. a4 Kg7 26. Nd3 h5 27. Qf4 f6 28. Qf3 Qf7 29. Nc5 g5 30. Rfc1 Re7 31. Rc3 Rde8 32. Rb3 Ne4 33. Nxe4 dxe4 34. Qd1 Rd8 35. Rc5 Re5 36. Rbc3 Red5 37. b4 R8d7 38. Qb1 f5 39. b5 axb5 40. axb5 cxb5 41. Rxb5 h4 42. Rb4 Re7 43. Rcb3 Rdd7 44. Rb6 Rc7 45. R3b5 Red7 46. Re5 Re7 47. Qb5 Rc1+ 48. Kh2 Rxe5 49. Qxe5+ Kh7 50. Re6 1-0

[Event "Icelandic Team-ch Kvika Leagu 2023-24"]
[Site "Reykjavik"]
[Date "2024.03.01"]
[Round "1.4"]
[White "Gunnarsson, Arnar"]
[Black "Kulaots, Kaido"]
[Result "0-1"]
[ECO "A28"]
[WhiteElo "2410"]
[BlackElo "2525"]
[Annotator "RC"]
[PlyCount "160"]
[EventDate "2024.02.29"]
[EventType "team-tourn"]
[EventCountry "ISL"]
[SourceTitle "playchess.com"]
[Source "ChessBase"]
[SourceQuality "1"]
[TimeControl "40/5400+30:900+30"]

1. c4 Nf6 2. Nc3 e5 3. Nf3 Nc6 4. e3 Bb4 5. Qc2 Bxc3 6. Qxc3 Qe7 7. d4 e4 8. Nd2 d5 9. a3 a5 10. b3 Be6 11. Bb2 O-O 12. Rc1 Qd7 13. h3 Ne7 14. cxd5 Nfxd5 15. Qc2 f5 16. g3 a4 17. b4 b5 18. h4 Rab8 19. Be2 Rb6 20. Qb1 Rd6 21. Rc5 c6 22. h5 Nf6 23. Qc2 Ned5 24. Rh4 Qe8 25. Qd1 g5 26. hxg6 hxg6 27. Bc1 Kg7 28. Qc2 Bd7 29. Nf1 Rh8 30. Rxh8 Qxh8 31. Bd2 Qh1 32. Qd1 Nh7 33. f4 Qg1 34. Bc1 Nhf6 35. Qd2 g5 36. Bd1 Be8 37. Qh2 Qxh2 38. Nxh2 Nd7 39. Rc2 g4 40. Nf1 N7b6 41. Be2 Bf7 42. Kf2 Kf8 43. Kg1 Ke7 44. Bd2 Rh6 45. Be1 Nc7 46. Nd2 Bd5 47. Bf2 Kd6 48. Be1 Rh8 49. Rc5 Ra8 50. Nb1 Ne6 51. Bd2 Kd7 52. Rc1 Bc4 53. Bxc4 Nxc4 54. Rc2 Nc7 55. Bc1 Nd5 56. Re2 Rh8 57. Kg2 Kd6 58. Re1 Rh3 59. Re2 Ncb6 60. Rc2 Nc4 61. Re2 Rh7 62. Kg1 Nf6 63. Nc3 Rh3 64. Rg2 Nh5 65. Ne2 Nb6 66. d5 Nxd5 67. Nd4 Nxg3 68. Kf2 Nh1+ 69. Kg1 Rh5 70. Nxf5+ Rxf5 71. Kxh1 Rh5+ 72. Kg1 Rh3 73. Rxg4 Nxe3 74. Rg6+ Kd5 75. Rg5+ Kd4 76. Rc5 Nc4 77. f5 e3 78. f6 e2 79. Kf2 Rh2+ 80. Ke1 Kd3 0-1

[Event "Icelandic Team-ch Kvika Leagu 2023-24"]
[Site "Reykjavik"]
[Date "2024.03.01"]
[Round "1.5"]
[White "Steingrimsson, Hedinn"]
[Black "Hansen, Soren Bech"]
[Result "1-0"]
[ECO "E32"]
[WhiteElo "2477"]
[BlackElo "2183"]
[Annotator "RC"]
[PlyCount "111"]
[EventDate "2024.02.29"]
[EventType "team-tourn"]
[EventCountry "ISL"]
[SourceTitle "playchess.com"]
[Source "ChessBase"]
[SourceQuality "1"]
[TimeControl "40/5400+30:900+30"]

1. d4 Nf6 2. c4 e6 3. Nc3 Bb4 4. Qc2 O-O 5. a3 Bxc3+ 6. Qxc3 b6 7. Bg5 Ba6 8. Qf3 Nc6 9. e3 Na5 10. Rc1 c5 11. d5 exd5 12. cxd5 Bxf1 13. Kxf1 Nb3 14. Rc2 Qe7 15. Bxf6 Qxf6 16. Qxf6 gxf6 17. Ne2 b5 18. Nf4 Rab8 19. g4 Rfe8 20. Kg2 Re4 21. Rc3 c4 22. f3 Ree8 23. Rd1 Rb6 24. d6 Kf8 25. e4 Re5 26. Kf2 Rc6 27. Ke3 a5 28. Rc2 Nc5 29. Rcd2 b4 30. axb4 axb4 31. Nd5 Rxd6 32. Nxb4 Rb6 33. Nd5 Rb3+ 34. Ke2 Kg7 35. Rc1 Nd3 36. Rxc4 Nxb2 37. Rcd4 h5 38. h3 hxg4 39. hxg4 Re8 40. Ne3 Rh8 41. Kf2 Kg6 42. Ng2 Kg7 43. Kg3 Rh1 44. Nh4 Rc1 45. Nf5+ Kg6 46. Rxd7 Nc4 47. Nh4+ Kg7 48. Nf5+ Kg6 49. Nh4+ Kg7 50. Rh2 Ne5 51. Nf5+ Kg6 52. Rh6+ Kg5 53. Rh5+ Kg6 54. Nh4+ Kg7 55. Rd8 Rg1+ 56. Kf2 1-0

[Event "Icelandic Team-ch Kvika Leagu 2023-24"]
[Site "Reykjavik"]
[Date "2024.02.29"]
[Round "1.6"]
[White "Van den Berg, Bram"]
[Black "Ragnarsson, Dagur"]
[Result "0-1"]
[ECO "C01"]
[WhiteElo "2211"]
[BlackElo "2331"]
[Annotator "RC"]
[PlyCount "52"]
[EventDate "2024.02.29"]
[EventType "team-tourn"]
[EventCountry "ISL"]
[SourceTitle "playchess.com"]
[Source "ChessBase"]
[SourceQuality "1"]
[TimeControl "40/5400+30:900+30"]

1. e4 e6 2. d4 d5 3. c4 dxe4 4. Nc3 Nf6 5. f3 Bb4 6. Qa4+ Nc6 7. a3 Bxc3+ 8. bxc3 O-O 9. Qc2 exf3 10. Nxf3 e5 11. dxe5 Re8 12. Be2 Nxe5 13. Nxe5 Rxe5 14. O-O Qe7 15. Bd3 Qc5+ 16. Kh1 Bg4 17. Rb1 Qc6 18. Bf4 Re6 19. c5 Rd8 20. Bc4 Re4 21. Qb3 Bh5 22. Qa2 Qxc5 23. Bb3 Rde8 24. Bg3 Re2 25. Rb2 Qf5 26. Rg1 Ne4 0-1

[Event "Icelandic Team-ch Kvika Leagu 2023-24"]
[Site "Reykjavik"]
[Date "2024.02.29"]
[Round "1.7"]
[White "Bjornsson, Sigurbjorn"]
[Black "Prudnikov, Andrey"]
[Result "1-0"]
[ECO "B45"]
[WhiteElo "2305"]
[BlackElo "2094"]
[Annotator "RC"]
[PlyCount "85"]
[EventDate "2024.02.29"]
[EventType "team-tourn"]
[EventCountry "ISL"]
[SourceTitle "playchess.com"]
[Source "ChessBase"]
[SourceQuality "1"]
[TimeControl "40/5400+30:900+30"]

1. e4 c5 2. Nf3 Nf6 3. Nc3 e6 4. d4 cxd4 5. Nxd4 Nc6 6. Ndb5 Bc5 7. Bf4 O-O 8. Bc7 Qe7 9. Bd6 Bxd6 10. Qxd6 Qd8 11. O-O-O a6 12. Nd4 Ne7 13. Bd3 b5 14. g4 Ne8 15. Qg3 Qb6 16. e5 b4 17. Ne4 Ng6 18. Ng5 Qa5 19. Kb1 Qxe5 20. Nxh7 Qxg3 21. hxg3 Bb7 22. Nxf8 Kxf8 23. Rh5 Nf6 24. Rc5 Nxg4 25. Bxg6 fxg6 26. Rc7 Bc8 27. Nxe6+ Ke7 28. Nf4 Nxf2 29. Rd2 Ng4 30. Nd5+ Kd8 31. Rc4 Nf6 32. Nb6 Rb8 33. Rxc8+ Rxc8 34. Nxc8 Kxc8 35. Rd4 a5 36. Rc4+ Kb7 37. Rc5 Kb6 38. Rg5 Ne8 39. Rxg6+ Kb7 40. Kc1 Ka7 41. Kd2 d6 42. Re6 Nf6 43. Re7+ 1-0

[Event "Icelandic Team-ch Kvika Leagu 2023-24"]
[Site "Reykjavik"]
[Date "2024.02.29"]
[Round "1.8"]
[White "Einarsson, Arnthor"]
[Black "Bjornsson, Tomas"]
[Result "1/2-1/2"]
[ECO "D26"]
[WhiteElo "2179"]
[BlackElo "2165"]
[Annotator "RC"]
[PlyCount "67"]
[EventDate "2024.02.29"]
[EventType "team-tourn"]
[EventCountry "ISL"]
[SourceTitle "playchess.com"]
[Source "ChessBase"]
[SourceQuality "1"]
[TimeControl "40/5400+30:900+30"]

1. d4 d5 2. c4 dxc4 3. e3 Nf6 4. Bxc4 e6 5. Nf3 c5 6. O-O Nbd7 7. Nc3 Be7 8. a3 cxd4 9. exd4 O-O 10. Re1 a6 11. Ba2 b5 12. d5 exd5 13. Nxd5 Nxd5 14. Bxd5 Ra7 15. Nd4 Bc5 16. Nc6 Qb6 17. Be3 Rc7 18. Rc1 Bxe3 19. Rxe3 Nf6 20. Bf3 Bb7 21. Qd6 Bxc6 22. Rxc6 Rxc6 23. Qxc6 Qd4 24. Qc3 Qb6 25. Re7 Qd6 26. Qe5 Qd2 27. g4 h6 28. h4 Rc8 29. Ra7 Rc2 30. Ra8+ Kh7 31. Be4+ g6 32. Qxf6 Qe1+ 33. Kg2 Qxe4+ 34. Qf3 1/2-1/2

[Event "Icelandic Team-ch Kvika Leagu 2023-24"]
[Site "Reykjavik"]
[Date "2024.03.01"]
[Round "1.9"]
[White "Stefansson, Hannes"]
[Black "Urkedal, Frode Olav Olsen"]
[Result "1/2-1/2"]
[ECO "C84"]
[WhiteElo "2498"]
[BlackElo "2525"]
[Annotator "ChessBase"]
[PlyCount "130"]
[EventDate "2024.02.29"]
[EventType "team-tourn"]
[EventCountry "ISL"]
[SourceTitle "playchess.com"]
[Source "ChessBase"]
[SourceQuality "1"]
[TimeControl "40/5400+30:900+30"]

1. e4 e5 2. Nf3 Nc6 3. Bb5 a6 4. Ba4 Nf6 5. O-O Be7 6. d3 b5 7. Bb3 d6 8. a4 Bd7 9. c3 O-O 10. Bc2 Re8 11. h3 h6 12. Re1 Bf8 13. Nbd2 Rb8 14. Nf1 d5 15. axb5 axb5 16. exd5 Nxd5 17. Bb3 Be6 18. Bd2 Nb6 19. Bc2 Bf5 20. Be3 Bh7 21. d4 e4 22. N3d2 Nd5 23. f3 exf3 24. Bxh7+ Kxh7 25. Qxf3 Qd7 26. Bf2 Kg8 27. Ng3 Rxe1+ 28. Rxe1 Ra8 29. Nb3 Ra2 30. Rb1 Nb6 31. Nc1 Ra8 32. Nd3 Qd5 33. Qg4 Re8 34. Nf5 g6 35. Ne3 Qe4 36. Qxe4 Rxe4 37. g4 Na5 38. Re1 Nac4 39. Nxc4 Rxe1+ 40. Bxe1 Nxc4 41. Kf2 Bd6 42. Kf3 f5 43. gxf5 gxf5 44. Ke2 Kf7 45. Kd1 Ke6 46. b3 Nb6 47. Bd2 h5 48. Ke2 Kd5 49. Kf3 b4 50. Nxb4+ Bxb4 51. cxb4 Kxd4 52. Kf4 Kd3 53. Be1 Kc2 54. h4 Nd5+ 55. Kxf5 Kxb3 56. Kg5 Nxb4 57. Kxh5 Nd3 58. Kg5 Nxe1 59. h5 c5 60. h6 c4 61. h7 c3 62. h8=Q c2 63. Qb8+ Kc3 64. Qe5+ Kd2 65. Qf4+ Kd1 1/2-1/2

[Event "Icelandic Team-ch Kvika Leagu 2023-24"]
[Site "Reykjavik"]
[Date "2024.03.01"]
[Round "1.10"]
[White "Pakleza, Zbigniew"]
[Black "Gretarsson, Hjorvar Steinn"]
[Result "1-0"]
[ECO "A46"]
[WhiteElo "2482"]
[BlackElo "2530"]
[Annotator "RC"]
[PlyCount "135"]
[EventDate "2024.02.29"]
[EventType "team-tourn"]
[EventCountry "ISL"]
[SourceTitle "playchess.com"]
[Source "ChessBase"]
[SourceQuality "1"]
[TimeControl "40/5400+30:900+30"]

1. d4 Nf6 2. Nf3 e6 3. g3 d5 4. Bg2 b5 5. O-O Be7 6. a4 b4 7. c4 bxc3 8. Nxc3 O-O 9. Ne5 Ba6 10. Re1 Nfd7 11. Nxd7 Nxd7 12. e4 c6 13. Bf4 Bb4 14. Qc2 Rc8 15. Red1 Re8 16. Na2 Bf8 17. Nc3 Qa5 18. Rab1 Nb6 19. h4 h6 20. Ra1 Red8 21. Bd2 Bb4 22. Be1 Nc4 23. Na2 Bxe1 24. Rxe1 Qb6 25. Bf1 Rb8 26. exd5 exd5 27. Qc3 Qxb2 28. Re7 Qxc3 29. Nxc3 Rb7 30. Rxb7 Bxb7 31. Bxc4 dxc4 32. Rd1 Bc8 33. f3 Bf5 34. Ne4 Rb8 35. Rc1 Be6 36. Kf2 Bd5 37. Ke3 Rb2 38. h5 Kf8 39. Nc3 Ke7 40. g4 Kd6 41. Ne4+ Kc7 42. Kf4 Ra2 43. Rg1 Rxa4 44. g5 Ra3 45. g6 f5 46. Ng3 Rxf3+ 47. Ke5 c3 48. Nxf5 c2 49. Rc1 Bb3 50. Nxg7 Kd7 51. Nf5 Rh3 52. d5 Rxh5 53. dxc6+ Kxc6 54. Kf6 Kd7 55. Nd4 Ba4 56. g7 Rg5 57. Kf7 Bc6 58. Nxc6 Kxc6 59. Rxc2+ Kb5 60. Rb2+ Kc5 61. Ra2 Kb6 62. Rh2 Rf5+ 63. Kg6 Rg5+ 64. Kxh6 Rg3 65. Rh5 Rxg7 66. Kxg7 a5 67. Kf6 a4 68. Rf5 1-0

[Event "Icelandic Team-ch Kvika Leagu 2023-24"]
[Site "Reykjavik"]
[Date "2024.03.01"]
[Round "1.11"]
[White "Pantzar, Milton"]
[Black "Hjartarson, Johann"]
[Result "1/2-1/2"]
[ECO "E14"]
[WhiteElo "2461"]
[BlackElo "2460"]
[Annotator "ChessBase"]
[PlyCount "159"]
[EventDate "2024.02.29"]
[EventType "team-tourn"]
[EventCountry "ISL"]
[SourceTitle "playchess.com"]
[Source "ChessBase"]
[SourceQuality "1"]
[TimeControl "40/5400+30:900+30"]

1. d4 Nf6 2. Nf3 e6 3. e3 b6 4. Bd3 Bb7 5. O-O d5 6. b3 Nbd7 7. c4 Bd6 8. Bb2 O-O 9. Nbd2 Ne4 10. Qc2 f5 11. cxd5 exd5 12. Ne5 Ndf6 13. f3 Nxd2 14. Qxd2 g6 15. b4 c6 16. Bc3 Qe7 17. Rab1 Rae8 18. Qb2 Ba8 19. Rfe1 c5 20. Bb5 cxb4 21. Bxb4 Bxb4 22. Qxb4 Qxb4 23. Rxb4 Rc8 24. Ba6 Rc2 25. a4 Ne8 26. Ra1 Nd6 27. a5 bxa5 28. Rxa5 Rc1+ 29. Kf2 Re8 30. Bd3 Rc7 31. g4 fxg4 32. Nxg4 Kg7 33. Ra6 Nf7 34. Rb1 Ree7 35. h4 Bc6 36. Rg1 Bd7 37. h5 Bc8 38. Ra5 Ng5 39. h6+ Kf8 40. Rga1 Bxg4 41. fxg4 Red7 42. Rb1 Nf7 43. Rb8+ Ke7 44. Rbb5 Ke6 45. Ra6+ Rd6 46. Rba5 Nxh6 47. Rxd6+ Kxd6 48. Kf3 Nf7 49. Ra6+ Ke7 50. Kf4 Rb7 51. Be2 Nd8 52. Ke5 Rd7 53. g5 Nf7+ 54. Kf4 Nd8 55. Bg4 Rc7 56. Bf3 Ne6+ 57. Ke5 Nxg5 58. Bxd5 Rd7 59. Ba2 Rb7 60. Kf4 Nh3+ 61. Kg3 Ng5 62. Kg4 Nf7 63. Bxf7 Kxf7 64. d5 Re7 65. Kf3 g5 66. e4 h5 67. Rh6 a5 68. Rxh5 Kf6 69. Ke3 a4 70. Rh6+ Ke5 71. Rg6 a3 72. Rxg5+ Kf6 73. Rf5+ Kg6 74. Rf2 Ra7 75. Ra2 Kf6 76. Kd4 Ra4+ 77. Kc5 Ke5 78. d6 Rd4 79. Rh2 Rd1 80. Ra2 1/2-1/2

[Event "Icelandic Team-ch Kvika Leagu 2023-24"]
[Site "Reykjavik"]
[Date "2024.02.29"]
[Round "1.12"]
[White "Thorfinnsson, Bragi"]
[Black "Nagy, Gabor"]
[Result "0-1"]
[ECO "B23"]
[WhiteElo "2397"]
[BlackElo "2450"]
[Annotator "RC"]
[PlyCount "64"]
[EventDate "2024.02.29"]
[EventType "team-tourn"]
[EventCountry "ISL"]
[SourceTitle "playchess.com"]
[Source "ChessBase"]
[SourceQuality "1"]
[TimeControl "40/5400+30:900+30"]

1. e4 c5 2. Nc3 a6 3. g3 b5 4. Bg2 Bb7 5. d3 e6 6. Nh3 Nc6 7. O-O Be7 8. f4 Qc7 9. f5 Nf6 10. Bf4 Bd6 11. Qd2 O-O 12. Rae1 Be5 13. Kh1 Rae8 14. Bg5 Kh8 15. Nf4 Nd4 16. Bxf6 Bxf6 17. Nh5 Be5 18. Nd1 g6 19. fxg6 fxg6 20. Nf4 Bg7 21. Ne3 Nc6 22. c3 a5 23. Qc2 Ba6 24. Ne2 Ne5 25. Rxf8+ Rxf8 26. Rf1 Rc8 27. Qd1 b4 28. c4 Qd6 29. Nc1 Qd4 30. Qe2 Bh6 31. Re1 a4 32. h3 Rf8 0-1

[Event "Icelandic Team-ch Kvika Leagu 2023-24"]
[Site "Reykjavik"]
[Date "2024.02.29"]
[Round "1.13"]
[White "Arngrimsson, Dagur"]
[Black "Thorfinnsson, Bjorn"]
[Result "1-0"]
[ECO "A62"]
[WhiteElo "2366"]
[BlackElo "2353"]
[Annotator "RC"]
[PlyCount "43"]
[EventDate "2024.02.29"]
[EventType "team-tourn"]
[EventCountry "ISL"]
[SourceTitle "playchess.com"]
[Source "ChessBase"]
[SourceQuality "1"]
[TimeControl "40/5400+30:900+30"]

1. d4 Nf6 2. c4 c5 3. d5 e6 4. Nc3 exd5 5. cxd5 d6 6. Nf3 g6 7. g3 Bg7 8. Bg2 O-O 9. O-O Re8 10. Bf4 Na6 11. Re1 Bg4 12. e4 Nd7 13. Qb3 Nb6 14. Nb5 Nc8 15. Nd2 Nc7 16. h3 Nxb5 17. Qxb5 Qd7 18. Qf1 Bh5 19. g4 Bxg4 20. hxg4 Qxg4 21. Bg3 Bxb2 22. Qb5 1-0

[Event "Icelandic Team-ch Kvika Leagu 2023-24"]
[Site "Reykjavik"]
[Date "2024.02.29"]
[Round "1.14"]
[White "Kjartansson, David"]
[Black "Petersson, Baldur Teodor"]
[Result "1-0"]
[ECO "B23"]
[WhiteElo "2286"]
[BlackElo "2190"]
[Annotator "RC"]
[PlyCount "75"]
[EventDate "2024.02.29"]
[EventType "team-tourn"]
[EventCountry "ISL"]
[SourceTitle "playchess.com"]
[Source "ChessBase"]
[SourceQuality "1"]
[TimeControl "40/5400+30:900+30"]

1. e4 c5 2. Nc3 e6 3. f4 Nc6 4. Nf3 d6 5. Bc4 g6 6. O-O Bg7 7. d4 cxd4 8. Nb5 Nge7 9. Bb3 O-O 10. Nbxd4 d5 11. e5 Nxd4 12. Nxd4 Nc6 13. Be3 Qa5 14. Kh1 Nxd4 15. Bxd4 b6 16. c3 Ba6 17. Rf3 Bc4 18. Bc2 Qb5 19. Rf2 Qc6 20. Qd2 a5 21. Qe3 Rfb8 22. g4 Ba6 23. Rg1 b5 24. f5 b4 25. h4 Re8 26. f6 Bf8 27. h5 Rec8 28. Rg3 bxc3 29. bxc3 Rc7 30. Rh3 Raa7 31. hxg6 fxg6 32. Qg5 Qe8 33. Bxa7 Rxa7 34. f7+ Rxf7 35. Bxg6 hxg6 36. Qxg6+ Bg7 37. Rxf7 Qxf7 38. Rh8+ 1-0

[Event "Icelandic Team-ch Kvika Leagu 2023-24"]
[Site "Reykjavik"]
[Date "2024.02.29"]
[Round "1.15"]
[White "Kristinsson, Baldur"]
[Black "O`Donnell, Conor"]
[Result "1/2-1/2"]
[ECO "E11"]
[WhiteElo "2169"]
[BlackElo "2274"]
[Annotator "ChessBase"]
[PlyCount "51"]
[EventDate "2024.02.29"]
[EventType "team-tourn"]
[EventCountry "ISL"]
[SourceTitle "playchess.com"]
[Source "ChessBase"]
[SourceQuality "1"]
[TimeControl "40/5400+30:900+30"]

1. d4 d5 2. Nf3 Nf6 3. c4 e6 4. g3 Bb4+ 5. Bd2 a5 6. Bg2 O-O 7. O-O dxc4 8. Qc2 b6 9. Bxb4 axb4 10. Qxc4 Ba6 11. Qc2 Ra7 12. Re1 Qe7 13. Nbd2 Rc8 14. Nc4 Bb7 15. Nfe5 Bxg2 16. Kxg2 c5 17. Nd2 Rac7 18. Qd3 cxd4 19. Qxd4 Nc6 20. Nxc6 Rxc6 21. Nb3 Rd8 22. Qe5 Rd5 23. Qb8+ Rd8 24. Qe5 Rd5 25. Qb8+ Rd8 26. Qe5 1/2-1/2

[Event "Icelandic Team-ch Kvika Leagu 2023-24"]
[Site "Reykjavik"]
[Date "2024.03.01"]
[Round "1.16"]
[White "Thorarinsson, Pall A."]
[Black "Johannsdottir, Johanna Bjorg"]
[Result "1-0"]
[ECO "E12"]
[WhiteElo "2183"]
[BlackElo "1990"]
[Annotator "RC"]
[PlyCount "89"]
[EventDate "2024.02.29"]
[EventType "team-tourn"]
[EventCountry "ISL"]
[SourceTitle "playchess.com"]
[Source "ChessBase"]
[SourceQuality "1"]
[TimeControl "40/5400+30:900+30"]

1. Nf3 Nf6 2. c4 e6 3. d4 b6 4. a3 Bb7 5. Nc3 Be7 6. d5 exd5 7. cxd5 O-O 8. e4 Re8 9. Bd3 c6 10. O-O cxd5 11. exd5 Na6 12. d6 Bf8 13. Bg5 Nc5 14. Bc4 h6 15. Bh4 g5 16. Bg3 a6 17. Ne5 Ne6 18. h4 b5 19. Ba2 Qb6 20. hxg5 hxg5 21. Ng4 Nxg4 22. Qxg4 Bxd6 23. Rad1 Bxg3 24. Qxg3 Qc5 25. Rxd7 Bc6 26. b4 Qf5 27. Rd6 Rac8 28. Bd5 Bxd5 29. Nxd5 Rcd8 30. Ne3 Qg6 31. Rxa6 Rd4 32. Qe5 Rh4 33. g3 Re4 34. Qf5 Qxf5 35. Nxf5 Rd8 36. Nd6 Re5 37. Rc1 Nd4 38. Rc5 Re1+ 39. Kg2 f6 40. Nf5 Ne6 41. Rcc6 Kf7 42. Nh6+ Ke7 43. Ra7+ Rd7 44. Ng8+ Kd8 45. Ra8# 1-0

[Event "Icelandic Team-ch Kvika Leagu 2023-24"]
[Site "Reykjavik"]
[Date "2024.03.01"]
[Round "1.17"]
[White "Kjartansson, Gudmundur"]
[Black "Olsen, Filip Boe"]
[Result "0-1"]
[ECO "B11"]
[WhiteElo "2452"]
[BlackElo "2441"]
[Annotator "ChessBase"]
[PlyCount "272"]
[EventDate "2024.02.29"]
[EventType "team-tourn"]
[EventCountry "ISL"]
[SourceTitle "playchess.com"]
[Source "ChessBase"]
[SourceQuality "1"]
[TimeControl "40/5400+30:900+30"]

1. e4 c6 2. Nc3 d5 3. Nf3 dxe4 4. Nxe4 Nf6 5. Qe2 Nxe4 6. Qxe4 Nd7 7. d4 Nf6 8. Qf4 Nd5 9. Qd2 Bf5 10. Bd3 Bxd3 11. Qxd3 e6 12. O-O Be7 13. a3 O-O 14. c4 Nf6 15. b4 a5 16. Bd2 axb4 17. axb4 Qc7 18. h3 Rfd8 19. Qc2 Nd7 20. Qc3 Bf6 21. Rfe1 h6 22. g3 b6 23. Bf4 Qb7 24. Qb3 Ra6 25. Rxa6 Qxa6 26. b5 Qb7 27. bxc6 Qxc6 28. d5 exd5 29. cxd5 Qc3 30. Qxc3 Bxc3 31. Rc1 Bb4 32. Nd4 Ba3 33. Rc6 Nf6 34. d6 Nd5 35. Be5 Bc5 36. Nb3 Nb4 37. Rc7 Bxd6 38. Bxd6 Rxd6 39. Rc8+ Kh7 40. Rc4 Nd3 41. Kg2 Rf6 42. f4 Rf5 43. Rd4 Ne1+ 44. Kf2 Nc2 45. Rd7 g5 46. Rc7 Nb4 47. Nd4 Rd5 48. Nf3 Kg7 49. Rb7 gxf4 50. Rxb6 Nd3+ 51. Kg2 Rc5 52. gxf4 Nxf4+ 53. Kg3 Nh5+ 54. Kg4 Nf6+ 55. Kg3 Rc3 56. Ra6 Rb3 57. Ra5 Ne4+ 58. Kf4 Nc3 59. Nd4 Rb4 60. Ke3 Nd1+ 61. Kd3 Nb2+ 62. Ke4 Nd1 63. Ra3 Rc4 64. Rg3+ Kf8 65. Ke5 Nc3 66. Rd3 Rc5+ 67. Kf4 Nd5+ 68. Kg3 Ne7 69. Nf3 Kg7 70. Ra3 Rc4 71. Ra5 Ng6 72. Ra3 Ne7 73. Ra5 Rc3 74. Kf4 Rb3 75. Rc5 Ra3 76. Rb5 Ng6+ 77. Kg3 Nf8 78. Rb4 Ne6 79. Kg2 Kf6 80. h4 Rc3 81. Kg3 Kg6 82. Rb6 Kh7 83. Rd6 Ng7 84. Rd5 Ra3 85. Rb5 Kg6 86. Rb6+ f6 87. Rb4 Rc3 88. Ra4 Rb3 89. Rg4+ Kf7 90. Ra4 h5 91. Ra8 Kg6 92. Rg8 Ra3 93. Kf2 Ra4 94. Kg3 Kh7 95. Rb8 Nf5+ 96. Kh3 Ra3 97. Kg2 Kg6 98. Rg8+ Kf7 99. Rb8 Rd3 100. Rb7+ Kg6 101. Rb6 Re3 102. Kf2 Re4 103. Ra6 Nxh4 104. Nxh4+ Rxh4 105. Ra5 Rb4 106. Kg3 Rg4+ 107. Kf3 Rg5 108. Ra8 Rb5 109. Kg3 Rg5+ 110. Kh4 Rg4+ 111. Kh3 Kg5 112. Ra5+ f5 113. Ra8 Rd4 114. Ra3 Rh4+ 115. Kg2 Re4 116. Kh3 h4 117. Rb3 Re5 118. Ra3 Re2 119. Rb3 Kf4 120. Rb4+ Re4 121. Rb5 Kg5 122. Rb3 Re5 123. Ra3 f4 124. Ra8 Re3+ 125. Kg2 h3+ 126. Kh2 Kg4 127. Rg8+ Kf3 128. Kxh3 Ke2+ 129. Kh2 f3 130. Rf8 Kf1 131. Ra8 Re1 132. Ra2 Re2+ 133. Kh1 f2 134. Ra1+ Re1 135. Ra2 Rd1 136. Kh2 Ke1 0-1